 Dungeon Crawl Stone Soup version 0.25-a0-734-g73332aeda9 (webtiles) character file.

Game seed: 2053344753646665861, levelgen mode: deterministic

1170 Iflex the Spear-Bearer (level 8, -14/58 HPs)
             Began as a Merfolk Gladiator on Apr 10, 2020.
             Was an Initiate of Qazlal.
             Demolished by an orc warrior
             ... wielding a +0 war axe
              (19 damage)
             ... on level 6 of the Dungeon.
             The game lasted 00:17:25 (6220 turns).

Iflex the Spear-Bearer (Merfolk Gladiator)          Turns: 6220, Time: 00:17:26

Health: -14/58     AC:  5    Str: 16    XL:     8   Next: 40%
Magic:  8/8        EV: 14    Int:  8    God:    Qazlal [......]
Gold:   219        SH:  3    Dex: 15    Spells: 7/7 levels left

rFire    . . .     SeeInvis .   a - +0 trident
rCold    . . .     Gourm    .   (no shield)
rNeg     + . .     Faith    .   b - +0 leather armour
rPois    +         Spirit   .   c - +0 helmet
rElec    .         Reflect  +   r - +0 cloak {rPois}
rCorr    .         Harm     .   (no gloves)
MR       .....                  (no boots)
Stlth    +.........             m - +3 amulet of reflection
HPRegen  0.19/turn              o - ring of positive energy
MPRegen  0.11/turn              (no ring)

@: flying, hasted, invisible, very quick
A: change form in water, swift swim, stealthy swim, frail 1, wild magic 1
a: Renounce Religion


You were on level 6 of the Dungeon.
You worshipped Qazlal.
Qazlal was noncommittal.
You were hungry.

You visited 2 branches of the dungeon, and saw 7 of its levels.

You collected 219 gold pieces.

Inventory:

Hand Weapons
 a - a +0 trident (weapon)
Missiles
 d - a throwing net
 e - 8 boomerangs (quivered)
Armour
 b - a +0 leather armour (worn)
 c - a +0 helmet (worn)
 r - a +0 cloak of poison resistance (worn)
Jewellery
 m - a +3 amulet of reflection (around neck)
 o - a ring of positive energy (left hand)
Scrolls
 h - 2 scrolls of remove curse {unknown}
 i - 2 scrolls of fog {unknown}
 l - 3 scrolls of teleportation {unknown}
 p - a scroll of noise {unknown}
 q - 2 scrolls of amnesia {unknown}
 t - a scroll of enchant weapon {unknown}
 u - a scroll of magic mapping {unknown}
Potions
 g - a potion of invisibility
 j - a potion of flight
 n - a potion of ambrosia {unknown}
 s - a potion of brilliance {unknown}
 w - a potion of heal wounds {unknown}
Comestibles
 f - 8 rations


   Skills:
 * Level 6.3 Fighting
 + Level 11.6 Polearms
 - Level 2.1 Throwing
 - Level 0.2 Armour
 - Level 4.6 Dodging


You had 7 spell levels left.
You didn't know any spells.
Your spell library was empty.

Dungeon Overview and Level Annotations

Branches:
Dungeon (6/15)             Temple (1/1) D:4

Altars:
Cheibriados
Dithmenos
Fedhas
Gozag
Hepliaklqana
Makhleb
Nemelex Xobeh
Qazlal
Ru
Trog
Uskayaw
Vehumet
Wu Jian
Xom
Yredelemnul
Zin
The Shining One


Innate Abilities, Weirdness & Mutations

You revert to your normal form in water.
You are very nimble and swift while swimming.
You are very stealthy in the water. (Stealth+)
You are frail. (-10% HP)
Your spells are a little harder to cast, but a little more powerful.


Message History

The orc shouts! x2
An orc comes into view. It is wielding a +0 flail.
The orc hits you but does no damage.
You feel yourself speed up. The orc warrior closely misses you.
The orc hits you with a +0 whip.
It was a potion of flight.
You feel very buoyant.
You fly up into the air.
You block the orc warrior's attack.
You puncture the orc!
You kill the orc!
Qazlal accepts your kill.
The orc warrior hits you with a +0 war axe!
You barely miss the bullfrog skeleton.
The bullfrog skeleton hits you but does no damage.
The orc warrior hits you with a +0 long sword!
* * * LOW HITPOINT WARNING * * *
The orc closely misses you.
You fade into invisibility!
The orc warrior hits you with a +0 war axe!!
You die...

#)#.# #....
#.#.# ####.
o..# #( . #..#
#( ..# #..# ##
.. #.##
#.##.## #..#
.....oo###..##
##
..%..Zo@ooo..#
.# ..
#..#.#o#####.#
.# #. .#.
###.##.# #.
.#. #...##.#
##.######.#.
#....#.#
#.........#.
#....#.#
#..#......#.#
####...#
#..<......#.#
##..#
#.#####..##.#
#..# #..


You could see 2 orc warriors, an orc priest, 4 orcs and a bullfrog skeleton.

Vanquished Creatures
  2 ogres (D:6)
  A phantom (D:4)
  A centaur (D:6)
  2 bullfrogs (D:6)
  A scorpion (D:6)
  A howler monkey (Temple)
  A crimson imp (D:6)
  2 orc wizards
  2 orc priests (D:3)
  2 hounds
  A jelly (D:6)
  A bullfrog skeleton (D:6)
  4 worker ants
  A howler monkey zombie (D:5)
  A worker ant zombie (D:5)
  3 gnolls (D:3)
  5 adders
  A shadow imp (D:5)
  3 oozes
  An adder skeleton (D:4)
  2 worms
  4 dart slugs
  5 leopard geckos
  14 orcs
  3 bats
  9 giant cockroaches
  6 goblins
  11 hobgoblins
  9 jackals
  2 quokkas (D:2)
  3 ball pythons
  5 frilled lizards
  4 kobolds
  A leopard gecko skeleton (D:4)
  9 rats
123 creatures vanquished.

Vanquished Creatures (others)
  A wizard (D:4)
1 creature vanquished.

Grand Total: 124 creatures vanquished

Notes
Turn   | Place    | Note
-------+----------+-------------------------------------------
     0 | D:1      | Iflex the Merfolk Gladiator began the quest for the Orb.
     0 | D:1      | Reached XP level 1. HP: 16/16 MP: 1/1
   250 | D:1      | Reached XP level 2. HP: 15/23 MP: 2/2
   369 | D:1      | Reached skill level 5 in Polearms
   478 | D:1      | Reached XP level 3. HP: 26/28 MP: 3/3
  1078 | D:2      | Found a bloodstained altar of Trog.
  1103 | D:2      | Found a shadowy altar of Dithmenos.
  1249 | D:2      | Reached skill level 6 in Polearms
  1249 | D:2      | Reached XP level 4. HP: 33/34 MP: 4/4
  1368 | D:2      | Found a glowing golden altar of the Shining One.
  2061 | D:2      | HP: 1/34 [hobgoblin/+0 club (1)]
  2062 | D:2      | Gained mutation: You are frail. (-10% HP) [potion of
                  | mutation]
  2062 | D:2      | Gained mutation: Your spells are a little harder to cast,
                  | but a little more powerful. [potion of mutation]
  2436 | D:3      | Reached skill level 7 in Polearms
  2457 | D:2      | Reached XP level 5. HP: 23/35 MP: 5/5
  2962 | D:3      | Reached skill level 8 in Polearms
  3469 | D:3      | Reached XP level 6. HP: 41/41 MP: 6/6
  3574 | D:4      | Found a staircase to the Ecumenical Temple.
  3603 | Temple   | Entered the Ecumenical Temple
  3789 | Temple   | Became a worshipper of Qazlal Stormbringer
  3818 | Temple   | Reached skill level 9 in Polearms
  4016 | D:4      | Noticed a phantom
  4047 | D:4      | Killed a phantom
  4079 | D:3      | Reached XP level 7. HP: 21/47 MP: 7/7
  4380 | D:4      | Reached skill level 10 in Polearms
  4482 | D:4      | Found a bloodstained altar of Trog.
  4483 | D:4      | Noticed a wizard
  4490 | D:4      | Killed a wizard
  4694 | D:5      | Entered Level 5 of the Dungeon
  5010 | D:5      | Found a glowing silver altar of Zin.
  5206 | D:5      | Found a sacrificial altar of Ru.
  5209 | D:5      | Found an ornate altar of the Wu Jian Council.
  5212 | D:5      | Found a snail-covered altar of Cheibriados.
  5294 | D:6      | Reached skill level 5 in Fighting
  5802 | D:6      | Reached XP level 8. HP: 51/56 MP: 8/8
  5818 | D:6      | Reached skill level 11 in Polearms
  5900 | D:6      | Found a sparkling altar of Nemelex Xobeh.
  6220 | D:6      | Demolished by an orc warrior

Levels and vault maps discovered:
D:1:      dpeg_arrival_rooms_b, layout_loops_corners
D:2:      layout_basic, overflow_temple_1_default,
          nicolae_dithmenos_shadow_blocks, old_standard_altar
D:3:      layout_loops_ring, first_ration, kennysheep_another_room,
          kennysheep_generic_room_5
D:4:      layout_cave_pools, minmay_temple_entry_sparse_star, trog_wizard
D:5:      layout_basic, grunt_temple_overflow_diamond, kennysheep_mini_moat,
          chequers_arboretum
D:6:      layout_basic, okawaru_metal_pillars_3, portal_sewer_entry_b,
          nemelex_dance_club_becter, uniq_blork_the_orc
Temple:   compressed_dpeg_circular_temple

Skill      XL: |  1  2  3  4  5  6  7  8 |
---------------+-------------------------+-----
Polearms       | 5 6 7 8 9 10 11 | 11.6
Fighting       | 3 5 6 |  6.3
Throwing       | |  2.1
Armour         | |  0.2
Dodging        | |  4.6

Action                   |  1- 3 |  4- 6 |  7- 9 || total
-------------------------+-------+-------+-------++-------
Melee: Trident           |   105 |   234 |   140 ||   479
Throw: Throwing net      |     2 |     3 |       ||     5
       Boomerang         |       |    11 |    36 ||    47
  Use: Potion            |       |     3 |     3 ||     6
       Scroll            |       |     3 |     1 ||     4
 Stab: Sleeping          |       |     2 |     3 ||     5
  Eat: Chunk             |     1 |     6 |     6 ||    13
       Ration            |       |     1 |       ||     1
Armor: Leather armour    |    17 |    63 |    18 ||    98
Dodge: Dodged            |    64 |   217 |    51 ||   332
Block: Other             |       |    21 |    11 ||    32

Table legend:
 A = Non-vault XP
 B = Vault XP
 C = Vault XP percentage of total XP
 D = Non-vault monster count
 E = Vault monster count
 F = Vault count percentage of total count
                 A         B        C        D         E       F
            +---------+---------+-------+---------+---------+-------
      Total |    1536 |     136 |   8.1 |     120 |       3 |   2.4
            +---------+---------+-------+---------+---------+-------
        D:1 |      42 |       0 |   0.0 |      20 |       0 |   0.0
        D:2 |     120 |       0 |   0.0 |      35 |       0 |   0.0
        D:3 |     201 |       2 |   1.0 |      26 |       1 |   3.7
        D:4 |     310 |       0 |   0.0 |      15 |       0 |   0.0
        D:5 |      99 |       0 |   0.0 |       8 |       0 |   0.0
        D:6 |     669 |     134 |  16.7 |      12 |       2 |  14.3
     Temple |      95 |       0 |   0.0 |       4 |       0 |   0.0
            +---------+---------+-------+---------+---------+-------
